[Event "Titled Tuesday Blitz May 30 Late 2023"]
[White "Schut, Han"]
[Black "Wang, Alexander J"]
[WhiteFideId "1005561"]
[BlackFideId "30955270"]
[WhiteElo "2024"]
[BlackElo "2253"]
[Result "1-0"]
[Round "11"]
[TimeControl "180+2"]
[Date "2023.05.31"]
[WhiteClock "0:00:06"]
[BlackClock "0:00:01"]

1. e4 c5 2. Nf3 e6 3. c4 Nc6 4. Nc3 Be7 5. d4 cxd4 6. Nxd4 Nf6 7. Be2 O-O 8. Be3 a6 9. O-O Rb8 10. Rc1 d6 11. f3 Bd7 12. Qd2 Nxd4 13. Bxd4 Bc6 14. Rfd1 b5 15. cxb5 axb5 16. Bxf6 gxf6 17. Nd5 Bxd5 18. exd5 e5 19. Bd3 f5 20. Bxf5 Bg5 21. Qd3 Bxc1 22. Bxh7+ Kg7 23. Rxc1 Qg5 24. Rc6 Rh8 25. Be4 Qh4 26. h3 Qf6 27. Qc2 Rhd8 28. b3 Qf4 29. Kf2 Qh4+ 30. Kf1 Qe7 31. Qf2 Qg5 32. Qa7 Rbc8 33. Qb7 Rb8 34. Qc7 Qf6 35. Qa5 Qg5 36. Qb4 Qf6 37. g4 Qe7 38. Kg2 Rd7 39. Kg3 Rdd8 40. h4 Rh8 41. h5 Rhd8 42. Qd2 Qf6 43. g5 Qe7 44. h6+ Kh8 45. Kg4 Rg8 46. f4 exf4 47. Qd4+ Qe5 48. Qxe5+ dxe5 49. Rf6 Rgf8 50. d6 Rbd8 51. Bf5 Kg8 52. d7 Rb8 53. Rd6 Rbd8 54. Kf3 Kh8 55. Ke4 Rb8 56. Kxe5 f3 57. Rd3 f2 58. Rf3 f6+ 59. gxf6 Rb6 60. Be6 Rbb8 61. Rxf2 Rbd8 62. Rg2 Kh7 63. Rg7+ Kxh6 64. Re7 Kg6 65. Rg7+ Kh6 66. Kd6 Rxf6 67. Ke7 Rff8 68. Rf7 Rh8 69. Rf6+ Kg7 70. Bf7 Rhf8 71. Rg6+ Kh7 72. Rg4 Rxf7+ 73. Kxd8 Rf8+ 74. Kc7 Rf7 75. Kc8 1-0


[Site "https://www.chess.com"]

[Event "Titled Tuesday Blitz May 30 Late 2023"]
[White "Silva Rosas, Natalia"]
[Black "dorpato"]
[WhiteFideId "3000575"]
[WhiteElo "1651"]
[BlackElo "2059"]
[Result "0-1"]
[Round "11"]
[TimeControl "180+2"]
[Date "2023.05.31"]
[WhiteClock "0:00:02"]
[BlackClock "0:00:11"]

1. e4 c5 2. Nf3 d6 3. d3 g6 4. g3 Bg7 5. Bg2 Nc6 6. O-O Nf6 7. c3 O-O 8. Bg5 b6 9. h4 Bb7 10. Na3 h6 11. Bf4 e6 12. Qd2 d5 13. e5 Nd7 14. d4 cxd4 15. cxd4 Qe7 16. Bxh6 a6 17. Bxg7 Kxg7 18. Nc2 b5 19. a3 Nb6 20. b3 Rac8 21. Ne3 a5 22. Ng4 a4 23. Nf6 Rh8 24. Ng5 axb3 25. Rab1 Nc4 0-1


[Site "https://www.chess.com"]

[Event "Titled Tuesday Blitz May 30 Late 2023"]
[White "Kornyukov, Alexey"]
[Black "NtcPou"]
[WhiteFideId "4150457"]
[WhiteElo "2352"]
[BlackElo "2055"]
[Result "1-0"]
[Round "11"]
[TimeControl "180+2"]
[Date "2023.05.31"]
[WhiteClock "0:00:53"]
[BlackClock "0:01:13"]

1. d4 d5 2. c4 c6 3. Nf3 Nf6 4. e3 a6 5. Nc3 Bf5 6. Qb3 Ra7 7. Nh4 Bg4 8. h3 Bh5 9. g4 Bg6 10. Nxg6 hxg6 11. g5 Ne4 12. Nxe4 dxe4 13. c5 e6 14. h4 Be7 15. Bg2 Qd5 16. Qc2 Qd8 17. Bxe4 Bxg5 18. hxg5 Rxh1+ 19. Bxh1 Qxg5 20. Qe2 Nd7 21. Bd2 e5 22. O-O-O b6 23. Bxc6 bxc5 24. dxc5 Kf8 25. Ba5 Qe7 26. Qc4 Qxc5 27. Bb4 1-0


[Site "https://www.chess.com"]

[Event "Titled Tuesday Blitz May 30 Late 2023"]
[White "Da Silva, Alessandro Rodrigues"]
[Black "Maluco_do_Natal_00"]
[WhiteFideId "2107546"]
[WhiteElo "2181"]
[BlackElo "2065"]
[Result "0-1"]
[Round "11"]
[TimeControl "180+2"]
[Date "2023.05.31"]
[WhiteClock "0:01:20"]
[BlackClock "0:00:06"]

1. e4 c5 2. Nf3 Nc6 3. b4 cxb4 4. d4 d5 5. e5 Bg4 6. Be3 e6 7. Bb5 Qb6 8. Bxc6+ Qxc6 9. Nbd2 Ne7 10. O-O Nc8 11. h3 Bh5 12. Qe2 Be7 13. a3 bxa3 14. c4 Nb6 15. c5 Nc4 16. Nxc4 dxc4 17. Rfc1 b5 18. cxb6 axb6 19. Rxc4 Bxf3 20. gxf3 Qd7 21. Rac1 O-O 22. Rc7 Qd8 23. Qa2 Bc5 24. Rc6 Qd7 25. dxc5 Qxc6 26. cxb6 Qxf3 27. b7 Qxb7 28. Re1 Qb2 29. Re2 Qxa2 30. Rxa2 Rfb8 31. Bc5 Rb3 32. Kg2 h5 33. Bd6 Kh7 34. h4 Kg6 35. Kf1 Kf5 36. Kg2 Kg4 37. Be7 g6 38. Kh2 Ra4 39. Kg2 Rd3 40. Kh2 Kf3 41. Kg1 Rd1+ 42. Kh2 Re1 43. Rxa3+ Rxa3 44. Bxa3 Kxf2 45. Bc5+ Kf3 46. Be7 Rxe5 47. Bg5 Rxg5 48. hxg5 Kg4 49. Kg2 Kxg5 50. Kg3 h4+ 51. Kh3 e5 0-1


[Site "https://www.chess.com"]

[Event "Titled Tuesday Blitz May 30 Late 2023"]
[White "Escalante Ramirez, Rafael"]
[Black "Stead, Kerry"]
[WhiteFideId "3900177"]
[BlackFideId "3202577"]
[WhiteElo "2189"]
[BlackElo "1997"]
[Result "1-0"]
[Round "11"]
[TimeControl "180+2"]
[Date "2023.05.31"]
[WhiteClock "0:01:21"]
[BlackClock "0:01:08"]

1. Nf3 d5 2. d4 c5 3. e3 Nc6 4. c4 Nf6 5. cxd5 Nxd5 6. e4 Nf6 7. d5 Nb4 8. a3 Na6 9. Nc3 Qa5 10. e5 Ne4 11. Bb5+ Kd8 12. Bxa6 Nxc3 13. Bd2 Qxa6 14. Bxc3 Bg4 15. Qd2 Bxf3 16. gxf3 Kc7 17. O-O-O Rd8 18. f4 g6 19. Kb1 Bg7 20. Qe3 b6 21. d6+ exd6 22. exd6+ Kc8 23. Bxg7 Rhe8 24. d7+ 1-0